 Dungeon Crawl Stone Soup version 0.31.0-11-ge490571c62 (webtiles) character file.

Game seed: 16085041779006605267

9 browni3141 the Conjurer (level 2, 19/19 HPs)
             Began as a Demonspawn Conjurer on Jan 30, 2024.
             Got out of the dungeon alive.
             The game lasted 00:00:25 (419 turns).

browni3141 the Conjurer (Demonspawn Conjurer)        Turns: 419, Time: 00:00:25

Health: 19/19      AC:  2    Str:  7    XL:     2   Next: 6%
Magic:  5/5        EV: 12    Int: 18    God:
Gold:   34         SH:  4    Dex: 11    Spells: 4/5 levels left

rFire   . . .        (no weapon)
rCold   . . .        (no shield)
rNeg    . . .        a - +0 robe
rPois   .            (no helmet)
rElec   .            (no cloak)
rCorr   .            (no gloves)
SInv    .            (no boots)
Will    .....        (no amulet)
Stlth   ++           (no ring)
HPRegen 0.23/turn    (no ring)
MPRegen 0.09/turn

%: no passive effects
@: no status effects
A: large bone plates 1
a: no special abilities


You escaped.
You visited 1 branch of the dungeon, and saw 1 of its levels.

You collected 34 gold pieces.

Inventory:

Armour
 a - a +0 robe (worn)
Potions
 b - a potion of magic


   Skills:
 + Level 2.0 Dodging
 + Level 2.0 Stealth
 + Level 2.1 Spellcasting
 + Level 4.1 Conjurations


You had 4 spell levels left.
You knew the following spells:

 Your Spells              Type           Power      Damage    Failure   Level
a - Magic Dart            Conj           64%        1d6       3%          1

Your spell library contained the following spells:

 Spells                   Type           Power      Damage    Failure   Level
 Searing Ray              Conj           32%        2d5       4%          2
 Frozen Ramparts          Ice            2%         1d1       47%         3
 Fulminant Prism          Conj/Alch      4%         3d5       58%         4
 Iskenderun's Mystic Bla  Conj/Tloc      9%         2d4       58%         4
 Leda's Liquefaction      Alch/Erth      0%         N/A       87%         4
 Petrify                  Alch/Erth      1%         N/A       87%         4
 Metabolic Englaciation   Hex/Ice        0%         N/A       99%         5


Dungeon Overview and Level Annotations

Branches:
Dungeon (1/15)

Altars:


Innate Abilities, Weirdness & Mutations

You are partially covered in large bone plates. (SH +4)


Message History

A rat is nearby!
You are out of magic!
You are out of magic!
You start resting.
A rat is nearby!
A rat is nearby!
A rat is nearby!
The magic dart hits the rat.
The rat is heavily wounded.
The rat squeaks loudly.
The magic dart hits the rat.
You kill the rat!
Magic restored.
You pick up a book of Sloth and begin reading...
You add the spells Frozen Ramparts, Leda's Liquefaction, Petrify and Metabolic Englaciation to your library.
You enter the shallow water.
Moving in this stuff is going to be slow.
You now have 20 gold pieces (gained 9).
You enter the shallow water.
Moving in this stuff is going to be slow.
You now have 23 gold pieces (gained 3).
You now have 29 gold pieces (gained 6).
A rat comes into view.
A rat is nearby!
The magic dart hits the rat.
You kill the rat!
You can't see any susceptible monsters within range! (Use Z to cast anyway.)
You can't see any susceptible monsters within range! (Use Z to cast anyway.)
You open the door.
There is an open door here.
You open the door.
There is an open door here.
An endoplasm comes into view.
An endoplasm is nearby!
An endoplasm is nearby!
The magic dart hits the endoplasm.
The endoplasm is heavily wounded.
The endoplasm quivers.
The magic dart hits the endoplasm.
The endoplasm is severely wounded.
An endoplasm is nearby!
An endoplasm is nearby!
The magic dart hits the endoplasm.
The endoplasm is almost dead.
The endoplasm freezes you.
You are frozen.
You hit the endoplasm but do no damage.
The endoplasm is almost dead.
The endoplasm closely misses you.
You barely miss the endoplasm.
The endoplasm is almost dead.
The endoplasm barely misses you.
You hit the endoplasm.
You kill the endoplasm!
You are out of magic!
You are out of magic!
HP restored.
A kobold comes into view. It is wielding a +0 club.
A kobold is nearby!
A kobold is nearby!
The magic dart hits the kobold.
The kobold is severely wounded.
The kobold shouts!
The magic dart hits the kobold.
You kill the kobold!
Your Stealth skill increases to level 2!
Things that are here:
a +0 club; a kobold corpse You now have 34 gold pieces (gained 5).
A ball python comes into view.
A ball python is nearby!
The magic dart hits the ball python.
You kill the ball python!
You can't see any susceptible monsters within range! (Use Z to cast anyway.)
A goblin comes into view. It is wielding a +0 dagger.
A goblin is nearby!
The magic dart hits the goblin.
The goblin is severely wounded.
The goblin shouts!
The magic dart hits the goblin.
You kill the goblin!
Your Dodging skill increases to level 2!
You have reached level 2!
Your demonic ancestry asserts itself...
Large bone plates grow over parts of your arms.
An endoplasm comes into view.
You can't go up here!
An endoplasm is nearby!
The magic dart hits the endoplasm.
You kill the endoplasm!
You are out of magic!
You are out of magic!
Things that are here:
a +0 club; a kobold corpse
There is an open door here.
There is an open door here.
You enter the shallow water.
Moving in this stuff is going to be slow.
There is a staircase leading out of the dungeon here.
You have escaped!

...# #♣.....†.......♣# ####
#♣♣♣~♣.....PP....♣~♣♣♣#
#♣...♣~♣...PPPP..♣~♣...♣# ###
♣.....♣~♣PPPPPPP♣~♣.....♣ ..#
♣......♣~♣PPPPP♣~♣......♣ ..#
♣......P♣~♣ PP♣~♣P......♣
..##♣......PP♣~♣♣♣~♣PP......♣#
..#..♣....PPP ♣~~~♣PPPP....♣.#
......♣..PPPPP♣~@~♣PPPPP..♣..#
...#.♣...PPPPP♣~~~♣ PPPP...♣.#
...#♣.....PPP♣~♣♣♣~♣PPP.....♣#
÷..#♣......P♣~♣PP ♣~♣P......♣
...#♣......♣~♣PPPPP♣~♣......♣
...#♣.....♣~♣PPPPPPP♣~♣.....♣#
...#.♣...♣~♣..PPPP...♣~♣...♣.#
......♣♣♣~♣....PP.....♣~♣♣♣..#
.........♣.............♣.....#


There were no monsters in sight!

Vanquished Creatures
  2 endoplasms (D:1)
  A goblin (D:1)
  A hobgoblin (D:1)
  A ball python (D:1)
  A kobold (D:1)
  4 rats (D:1)
10 creatures vanquished.

Notes
Turn   | Place    | Note
-------+----------+-------------------------------------------
     0 | D:1      | browni3141 the Demonspawn Conjurer began the quest for the
                  | Orb.
     0 | D:1      | Reached XP level 1. HP: 13/13 MP: 3/3
   359 | D:1      | Gained mutation: You are partially covered in large bone
                  | plates. (SH +4) [demonic ancestry]
   359 | D:1      | Reached XP level 2. HP: 19/19 MP: 1/5
   419 | D:$      | Got out of the dungeon alive.

Illustrated notes

Levels and vault maps discovered:
D:1:      orjb1_clovarrival, layout_basic, chequers_ecumenical_altar_grove,
          minmay_indecisive_spiral

Skill      XL: |  1 |
---------------+----+-----
Stealth        | 2 |  2.0
Dodging        | 2 |  2.0
Spellcasting   | |  2.1
Conjurations   | |  4.1

Action                     || total
---------------------------++-------
  Melee: Unarmed           ||     3
   Cast: Magic Dart        ||    17
  Dodge: Dodged            ||     2
